 Dungeon Crawl Stone Soup version 0.30-a0-55-g90e3122c3a (webtiles) character file.

Game seed: 3639614795892446892

29 Newt the Trooper (level 3, 0/28 HPs)
             Began as a Demonspawn Gladiator on Sept 9, 2022.
             Slain by Sigmund
             ... wielding a +2 scythe of venom
              (13 damage)
             ... on level 2 of the Dungeon.
             The game lasted 00:01:51 (1284 turns).

Newt the Trooper (Demonspawn Gladiator)             Turns: 1284, Time: 00:01:51

Health: 0/28       AC:  4    Str: 16    XL:     3   Next: 1%
Magic:  3/3        EV: 12    Int:  9    God:
Gold:   65         SH:  0    Dex: 14    Spells: 2/2 levels left

rFire   . . .      SeeInvis .    a - +0 rapier (chaos)
rCold   . . .      Faith    .    (no shield)
rNeg    . . .      Spirit   .    b - +0 leather armour
rPois   .          Reflect  .    c - +0 helmet
rElec   .          Harm     .    (no cloak)
rCorr   .          Rampage  .    (no gloves)
Will    .....                    (no boots)
Stlth   ++........               (no amulet)
HPRegen 0.09/turn                (no ring)
MPRegen 0.08/turn                (no ring)

@: lethally poisoned (0 -> -10)
A: demonic guardian 1
a: no special abilities


You were on level 2 of the Dungeon.
You visited 1 branch of the dungeon, and saw 2 of its levels.

You collected 65 gold pieces.

Inventory:

Hand Weapons
 a - a +0 rapier of chaos (weapon)
Missiles
 d - 2 throwing nets (quivered)
Armour
 b - a +0 leather armour (worn)
 c - a +0 helmet (worn)
Jewellery
 f - a ring of fire
Potions
 h - a potion of degeneration {unknown}


   Skills:
 + Level 2.7 Fighting
 - Level 2.6 Short Blades
 - Level 1.7 Throwing
 - Level 2.6 Dodging
 - Level 2.0 Stealth


You had 2 spell levels left.
You didn't know any spells.
Your spell library was empty.

Dungeon Overview and Level Annotations

Branches:
Dungeon (2/15)

Altars:

Annotations:
D:2 Sigmund


Innate Abilities, Weirdness & Mutations

A weak demonic guardian rushes to your aid.


Message History

You start resting.
HP restored.
You climb downwards.
Level annotation: Sigmund
There is a stone staircase leading up here.
Sigmund barely misses you.
Throw: 3 throwing nets
Press: ? - help, Q - select action Shift-Dir - straight line, f - Sigmund
Aim: Sigmund, wielding a +2 scythe of venom and wearing a +0 robe (55% to hit)
You throw a throwing net. The throwing net hits Sigmund.
Sigmund is caught in the net!
Sigmund struggles against the net.
Sigmund struggles against the net.
You hit Sigmund but do no damage.
Sigmund is poisoned.
An adder comes into view.
Sigmund struggles against the net.
The adder hisses angrily.
You hit Sigmund. You drain Sigmund.
Sigmund is moderately wounded.
Sigmund struggles against the net.
The net rips apart, and Sigmund comes free!
You hit Sigmund but do no damage.
Sigmund looks as sick as possible!
Sigmund is moderately wounded.
Sigmund points at you and mumbles some strange words.
The puff of flame misses you.
You hit Sigmund.
Sigmund is moving more slowly.
Sigmund is heavily wounded.
Sigmund casts a spell.
Sigmund flickers and vanishes!
Deactivating autopickup; reactivate with Ctrl-A.
You hit something. Something hits you!
A demonic guardian appears!
You are poisoned.
The adder bites you but does no damage.
You hit something.
You feel very sick. The adder bites you.
You hit something but do no damage.
You feel very sick. The adder closely misses you. Something hits you!
You die...

..# #.# #.# ..... #.#
.... #.# ... #<# ..#
#######.# ..#
........######..####
######.@S..........##
##{#####........ #5#
#.####.## #.# #.# #(#
#h# ###.#####J###
#.....#.hh..#
#.#.#.#.###[#
#.#...J.# .#


You could see an adder (ally target) and a friendly iron imp (summoned).

Vanquished Creatures
  2 dart slugs (D:1)
  4 ball pythons (D:1)
  3 endoplasms
  A goblin (D:1)
  2 jackals (D:2)
  A bat (D:1)
  3 frilled lizards (D:1)
  2 kobolds (D:1)
  6 rats
24 creatures vanquished.

Notes
Turn   | Place    | Note
-------+----------+-------------------------------------------
     0 | D:1      | Newt the Demonspawn Gladiator began the quest for the Orb.
     0 | D:1      | Reached XP level 1. HP: 16/16 MP: 1/1
    83 | D:1      | Reached skill level 1 in Stealth
   178 | D:1      | Gained mutation: A weak demonic guardian rushes to your
                  | aid. [demonic ancestry]
   178 | D:1      | Reached XP level 2. HP: 15/22 MP: 2/2
   714 | D:1      | Found a faded altar of an unknown god.
   840 | D:2      | Noticed Sigmund
  1065 | D:2      | Reached XP level 3. HP: 27/28 MP: 3/3
  1284 | D:2      | Slain by Sigmund

Illustrated notes

Levels and vault maps discovered:
D:1:      dpeg_arrival_prison, layout_rooms,
          shapermc_ecumenical_altar_flowoftime
D:2:      layout_loops_ring, uniq_sigmund

Skill      XL: |  1  2 |
---------------+-------+-----
Stealth        | 1 2 |  2.0
Fighting       | |  2.7
Short Blades   | |  2.6
Throwing       | |  1.7
Dodging        | |  2.6

Action                   || total
-------------------------++-------
Melee: Rapier            ||    72
       Punch             ||     1
Throw: Javelin           ||     1
       Throwing net      ||     1
  Use: Scroll            ||     3
 Stab: Sleeping          ||     2
       Distracted        ||     1
Armor: Leather armour    ||    25
Dodge: Dodged            ||    46

Table legend: (Time is in decaauts)
 A = Elapsed time spent in this place.
 B = Non-inter-level travel time spent in this place.
 C = Inter-level travel time spent in this place.
 D = Time resting spent in this place.
 E = Time spent auto-exploring this place.
 F = Levels seen in this place.
 G = Mean time per level.
                   A        B        C        D        E       F      G
               +--------+--------+--------+--------+--------+-----+--------+
         Total |   1290 |   1282 |      8 |    391 |    691 |   2 |  645.0 |
       Dungeon |   1290 |   1282 |      8 |    391 |    691 |   2 |  645.0 |
               +--------+--------+--------+--------+--------+-----+--------+

Top non-repeatable levels by time:
     D:1: 1170 daAuts
     D:2: 120 daAuts
